cohdb
Replays
Latest Replays
All Replays
Popular Replays
Top Player Replays
Match Explorer
How It Works
Community
CoH3 Stats
Reddit
Sign in to upload your games and track your stats! →
Sign in with Steam
Match 39730222
Unlisted
Match 39730222
Overview
Messages
Build Orders
End
Construct Infanterie Kompanie
Selects Terror Battlegroup
Selects Machine Gun Camouflage
MG 42 Machine Gun Team
Grenadier Squad
Grenadier Squad
GrW 34 Mortar Team
Construct Luftwaffe Kompanie
221 Scout Car
Jäger Squad
Support Elements
Wirbelwind Flakpanzer
Selects Defend the Fatherland
Jäger Squad
Marder III M Tank Destroyer
Construct Panzer Kompanie
Panzer IV Medium Tank
Pioneer Squad
Pioneer Squad
Panzer IV Medium Tank
matjouz
Sarmynation
Koffietank
MonteLaDifensa
0
0
Comments
sign in to comment!
No comments posted yet!